 Dungeon Crawl Stone Soup version 0.26.1-11-gd32895ea62 (webtiles) character file.

Game seed: 12626084920890300281

202 hawla the Conjurer (level 5, 0/29 HPs)
             Began as a Deep Elf Conjurer on May 10, 2021.
             Succumbed to an adder's poison
             ... on level 3 of the Dungeon.
             The game lasted 00:09:00 (2881 turns).

hawla the Conjurer (Deep Elf Conjurer)              Turns: 2881, Time: 00:09:01

Health: 0/29       AC:  5    Str:  4    XL:     5   Next: 50%
Magic:  9/13       EV: 13    Int: 24    God:
Gold:   70         SH:  0    Dex: 11    Spells: 5/12 levels left

rFire    . . .     SeeInvis .   k - +5 quarterstaff (chaos)
rCold    . . .     Faith    .   (shield currently unavailable)
rNeg     . . .     Spirit   .   a - +2 robe
rPois    .         Reflect  .   (no helmet)
rElec    .         Harm     .   l - +0 cloak
rCorr    .         Rampage  .   (no gloves)
Will     +....                  (no boots)
Stlth    +++.......             (no amulet)
HPRegen  0.00/turn              d - ring of willpower
MPRegen  0.13/turn              (no ring)

@: brilliant, lethally poisoned (0 -> -4), attractive
A: camouflage 1, clumsy 1, inhibited regeneration
a: no special abilities


You were on level 3 of the Dungeon.
You visited 1 branch of the dungeon, and saw 3 of its levels.

You collected 70 gold pieces.

Inventory:

Hand Weapons
 k - a +5 quarterstaff of chaos (weapon)
Missiles
 e - 8 silver boomerangs (quivered)
 g - 7 silver javelins
Armour
 a - a +2 robe (worn)
 l - a +0 cloak (worn)
Jewellery
 d - a ring of willpower (left hand)
Wands
 m - a wand of enslavement (10)
Scrolls
 b - a scroll of magic mapping
 c - a scroll of amnesia
Potions
 h - a potion of might
 i - a potion of cancellation


   Skills:
 - Level 1.0 Fighting
 + Level 3.5 Dodging
 + Level 3.5 Stealth
 + Level 4.1 Spellcasting
 + Level 5.0 Conjurations
 + Level 1.8 Translocations
 + Level 2.1 Fire Magic


You had 5 spell levels left.
You knew the following spells:

 Your Spells              Type           Power        Failure   Level
a - Magic Dart            Conj           100%         1%          1
b - Searing Ray           Conj           86%          1%          2
c - Iskenderun's Mystic   Conj/Tloc      32%          24%         4

Your spell library contained the following spells:

 Spells                   Type           Power        Failure   Level
 Dazzling Flash           Conj/Hex       50%          11%         3
 Fulminant Prism          Conj/Hex       12%          34%         4


Dungeon Overview and Level Annotations

Branches:
Dungeon (3/15)

Altars:

Annotations:
D:3 Terence


Innate Abilities, Weirdness & Mutations

Your skin changes colour to match your surroundings (Stealth+).
You are clumsy. (Dex -2)
You do not regenerate when monsters are visible.


Message History

Confirm with . or Enter, or press ? or * to list all spells.
The spell is extremely dangerous to cast (24% risk of failure)!
Continue anyway?
You erupt in a blast of force!
The mystic blast hits the bat!
You kill the bat!
The mystic blast hits Terence.
Terence is moderately wounded.
Terence is knocked back by the mystic blast.
The mystic blast hits the giant cockroach.
You kill the giant cockroach!
The mystic blast hits the hobgoblin!
You kill the hobgoblin!
The mystic blast hits the adder!
The adder is severely wounded.
The adder is knocked back by the mystic blast.
It was a potion of attraction.
You feel attractive to monsters. Terence misses you.
It was a potion of brilliance.
You feel clever all of a sudden.
You die...

.# #.# ## ...# #
######..##
###########........#
#.............##...#
#.#########.#.##...#
..####........##...#####
.....†..###.#....†.)....
####.....†......@@.####
# ##.#.####.#..†S†(....#
###.....# #.#>##.#.###.#
##.#.#.#.##.#.##.#.#
......###.#.#.#... #
##.#.## #.........
##...## ###.#...##
##.#.# ##.## #.#..#


You could see Terence and an adder.

Vanquished Creatures
  Crazy Yiuf (D:2)
  Jessica (D:2)
  Robin (D:2)
  5 adders
  An ooze (D:2)
  A worm (D:3)
  3 dart slugs
  3 leopard geckos
  2 ball pythons
  7 giant cockroaches
  13 hobgoblins
  6 kobolds
  A quokka (D:3)
  9 bats
  6 frilled lizards
  11 goblins
  5 rats
76 creatures vanquished.

Notes
Turn   | Place    | Note
-------+----------+-------------------------------------------
     0 | D:1      | hawla the Deep Elf Conjurer began the quest for the Orb.
     0 | D:1      | Reached XP level 1. HP: 10/10 MP: 6/6
   211 | D:1      | Reached XP level 2. HP: 15/15 MP: 6/8
   690 | D:1      | Reached skill level 1 in Fire Magic
   800 | D:1      | Learned a level 2 spell: Searing Ray
   968 | D:2      | Reached XP level 3. HP: 20/20 MP: 5/9
   974 | D:2      | Gained mutation: You do not regenerate when monsters are
                  | visible. [potion of mutation]
   974 | D:2      | Gained mutation: You are clumsy. (Dex -2) [potion of
                  | mutation]
   974 | D:2      | Gained mutation: Your skin changes colour to match your
                  | surroundings (Stealth+). [potion of mutation]
  1190 | D:2      | Reached skill level 1 in Translocations
  1244 | D:2      | Noticed Robin
  1249 | D:2      | Killed Robin
  1250 | D:2      | Reached XP level 4. HP: 20/24 MP: 0/11
  1669 | D:2      | Learned a level 4 spell: Iskenderun's Mystic Blast
  1697 | D:2      | Noticed Jessica
  1700 | D:2      | Killed Jessica
  1701 | D:2      | Reached skill level 1 in Fighting
  2204 | D:2      | Found a runed translucent door.
  2205 | D:2      | Noticed Crazy Yiuf
  2311 | D:2      | Killed Crazy Yiuf
  2312 | D:2      | Reached XP level 5. HP: 29/29 MP: 7/13
  2626 | D:3      | Reached skill level 5 in Conjurations
  2863 | D:3      | Noticed Terence
  2878 | D:3      | HP: 1/29 [Terence/+1 falchion of protection (4)]
  2881 | D:3      | Succumbed to an adder's poison

Illustrated notes

Levels and vault maps discovered:
D:1:      eino_arrival_water_cross, layout_rooms, st_stairs_5, fountainhead
D:2:      layout_loops_ring, uniq_robin, uniq_crazy_yiuf_cottage, uniq_jessica
D:3:      layout_loops_ring, lemuel_doored_altar, uniq_terence

Skill      XL: |  1  2  3  4  5 |
---------------+----------------+-----
Fire Magic     | 1 2 |  2.1
Stealth        | 3 |  3.5
Translocations | 1 |  1.8
Dodging        | 3 |  3.5
Fighting       | 1 |  1.0
Spellcasting   | 4 |  4.1
Conjurations   | 5 |  5.0

Action                   |  1- 3 |  4- 6 || total
-------------------------+-------+-------++-------
Melee: Whip              |     1 |    12 ||    13
       Quarterstaff      |       |     9 ||     9
 Cast: Magic Dart        |    42 |     6 ||    48
       Searing Ray       |    10 |    23 ||    33
       Iskenderun's Myst |       |     3 ||     3
  Use: Scroll            |     7 |     2 ||     9
       Potion            |     1 |     5 ||     6
 Stab: Sleeping          |       |     1 ||     1
Armor: Robe              |     3 |    19 ||    22
Dodge: Dodged            |     8 |    36 ||    44
